 Dungeon Crawl Stone Soup version 0.16-a0-1167-g3157814 (webtiles) character file.

4617 M4edhros the Covert (level 10, -2/72 HPs)
             Began as an Octopode Artificer on Oct 9, 2014.
             Was an Elder of Okawaru.
             Slain by a blink frog (15 damage)
             ... on level 1 of the Lair of Beasts.
             The game lasted 00:39:08 (9738 turns).

M4edhros the Covert (Octopode Artificer)            Turns: 9738, Time: 00:39:08

Health: -2/72      AC:  1    Str: 13    XL:     10   Next: 42%
Magic:  20/20      EV: 22    Int: 18    God:    Okawaru [****..]
Gold:   510        SH:  0    Dex: 12    Spells: 1 memorised, 7 levels left

rFire  . . .     SeeInvis .     o - +1 hand axe (elec)
rCold  + . .     Clarity  .     (no shield)
rNeg   . . .     SustAb   .     (helmet restricted)
rPois  +         Gourm    .     (no amulet)
rElec  .         Spirit   .     u - ring of poison resistance
rCorr  .         Warding  .     w - +4 ring of evasion
rMut   .         Stasis   .     r - ring of protection from cold
MR     .....                    (no ring)
Stlth  +++++++...               (no ring)
                                (no ring)
                                (no ring)
                                (no ring)

@: heroism, not resistant to hostile enchantments, extremely stealthy
A: almost no armour, amphibious, 8 rings, constrict 8, camouflage 1, blurry
vision 1, robust 1, strong 1, gelatinous body 1
a: Heroism, Renounce Religion


You were on level 1 of the Lair of Beasts.
You worshipped Okawaru.
Okawaru was greatly pleased with you.
You were very hungry.

You visited 2 branches of the dungeon, and saw 9 of its levels.

You collected 510 gold pieces.

Inventory:

Hand weapons
 a - a +3 scimitar
 d - a +1 hunting sling
 o - a +1 hand axe of electrocution (weapon)
 G - a +3 quarterstaff of chaos
Missiles
 m - 61 sling bullets
 A - 34 stones (quivered)
Magical devices
 i - a wand of frost (5)
 q - a wand of disintegration (5)
 s - a wand of polymorph (3)
 t - a wand of confusion (11)
 y - a wand of draining (3)
 F - a wand of polymorph (14)
 J - a wand of draining (4)
Comestibles
 f - 8 bread rations
 g - 4 meat rations
 K - a beef jerky
Scrolls
 b - a scroll of noise
 e - 2 scrolls of immolation
 l - 4 scrolls of fear
 n - 3 scrolls of blinking
 p - 2 scrolls of magic mapping
 x - 2 scrolls of amnesia
 B - a scroll of torment
 C - 2 scrolls of teleportation
 I - 2 scrolls of fog
Jewellery
 r - a ring of protection from cold (on tentacle)
 u - a ring of poison resistance (left tentacle)
 w - a +4 ring of evasion (right tentacle)
Potions
 c - a potion of brilliance {unknown}
 z - 2 potions of curing
 D - a potion of restore abilities
 E - a potion of magic
Books
 H - a book of Necromancy

   Spells                             Type                      Level
   Pain                               Necromancy                   1
   Animate Skeleton                   Necromancy                   1
   Vampiric Draining                  Necromancy                   3
   *Regeneration                      Charms/Necromancy            3
   Animate Dead                       Necromancy                   4
   Control Undead                     Necromancy                   4


   Skills:
 - Level 5.0(10.0) Fighting
   Level 1.0(6.0) Short Blades
 * Level 7.7(12.7) Slings
 + Level 6.5(11.5) Dodging
 + Level 8.9(13.9) Stealth
 + Level 0.8 Spellcasting
 + Level 1.0 Charms
 + Level 1.1 Necromancy
 - Level 5.3 Invocations
 - Level 7.1 Evocations


You had 7 spell levels left.
You knew the following spells:

 Your Spells              Type           Power        Failure   Level  Hunger
a - Regeneration          Chrm/Necr      #.........   43%         3    ####...


Dungeon Overview and Level Annotations

Branches:
Dungeon (8/15)             Temple (0/1) D:6            Lair (1/8) D:8

Altars:
Ashenzari
Nemelex Xobeh
Okawaru
Qazlal
Ru
Trog
Vehumet
Yredelemnul
The Shining One

Annotations:
D:2 Sigmund


Innate Abilities, Weirdness & Mutations

You cannot wear most types of armour.
You are amphibious.
You can wear up to eight rings at the same time.
You can use your tentacles to constrict many enemies at once.
Your skin changes colour to match your surroundings (Stealth).
Your rubbery body absorbs attacks (AC +1).
Your vision is a little blurry.
You are robust (+10% HP).
Your muscles are strong. (Str +2)


Message History

* * * LOW HITPOINT WARNING * * *
The blink frog blinks!
Evoke which item? (* to show all) (? for menu, Esc to quit)
Zapping:
t - a wand of confusion (will waste charges)
Press: ? - help, Shift-Dir - straight line, f - blink frog
Aim: a blink frog (moderately wounded)
The blink frog resists.
You wasted at least one charge getting the wand working.
The blink frog momentarily phases out as your attack passes through it.
Your grab misses the blink frog.
The blink frog is moderately wounded.
The blink frog closely misses you. The blink frog misses you.
You miss the blink frog. You grab the blink frog.
The blink frog is moderately wounded.
You constrict the blink frog. The blink frog barely misses you.
You barely miss the blink frog.
The blink frog is moderately wounded.
You constrict the blink frog. The blink frog completely misses you.
The blink frog hits you!
You die...

,,,,,,,,,,...............,,,,....
,,,,,,,,,,>........#.##.######..#
*,,,,**...#####....#.........+..P
,,,,,*.......................#...
,,,,,#........#....#........[...#
,*,,,#......ยง.+....+.........#..#
,+,,.#.....F..#....#.............
,*,,.P........#....#.........#...
,,,...........#F@..#.........#..#
,*,.................#P.##P.###..#
,*,..##########..................
,,,,,,,..........................
*,***,*########.#.#####.#.##P####
*** *** ##### ########


You could see a blink frog.

Vanquished Creatures
  2 elephants (Lair:1)
  A spiny frog (Lair:1)
  A wyvern (D:8)
  A hippogriff (D:7)
  A centaur (D:8)
  Menkaure (D:6)
  A porcupine (Lair:1)
  A sky beast (D:7)
  2 ice beasts
  2 black bears (D:7)
  2 necrophages
  A water moccasin (Lair:1)
  3 orc warriors
  2 phantoms
  2 ogres
  Duvessa (D:5)
  2 big kobolds
  5 giant frogs
  3 scorpions
  5 hounds
  5 iguanas
  2 orc priests
  2 crimson imps (D:5)
  7 orc wizards
  Natasha (twice) (D:5)
  6 worker ants
  5 sheep (Lair:1)
  Ijyb (D:3)
  Jessica (D:2)
  A hound skeleton (D:8)
  5 adders
  A white imp (D:5)
  3 worms
  A shadow imp (D:5)
  2 adder skeletons
  5 giant geckos
  2 oozes
  34 orcs
  A ball python (D:2)
  6 giant cockroaches
  10 goblins
  9 hobgoblins
  31 kobolds
  5 quokkas
  15 bats
  3 giant newts
  4 jackals (D:5)
  A kobold zombie (D:4)
  An orc skeleton (D:8)
  18 rats
228 creatures vanquished.

Vanquished Creatures (collateral kills)
  An elephant (Lair:1)
  An ogre (D:8)
  A crimson imp (D:5)
  An adder (D:4)
  An orc (D:8)
  Natasha (D:5)
  A bat (D:8)
  A hobgoblin (D:8)
8 creatures vanquished.

Vanquished Creatures (others)
  A worker ant (D:5)
1 creature vanquished.

Grand Total: 237 creatures vanquished

Notes
Turn   | Place    | Note
--------------------------------------------------------------
     0 | D:1      | M4edhros, the Octopode Artificer, began the quest for the Orb.
     0 | D:1      | Reached XP level 1. HP: 13/13 MP: 1/1
   131 | D:1      | Reached XP level 2. HP: 15/18 MP: 3/3
   489 | D:2      | Found a basalt altar of Yredelemnul.
   685 | D:2      | Reached XP level 3. HP: 21/23 MP: 4/4
   688 | D:2      | Noticed Jessica
   696 | D:2      | Killed Jessica
   869 | D:3      | Found a sparkling altar of Nemelex Xobeh.
   944 | D:3      | Gained mutation: You are robust (+10% HP). [potion of mutation]
   944 | D:3      | Gained mutation: Your vision is a little blurry. [potion of mutation]
   944 | D:3      | Gained mutation: Your muscles are strong. (Str +2) [potion of mutation]
  1205 | D:3      | Reached XP level 4. HP: 31/31 MP: 6/6
  1344 | D:5      | Entered Level 5 of the Dungeon
  1354 | D:5      | Found an iron altar of Okawaru.
  1360 | D:5      | Became a worshipper of Warmaster Okawaru
  1394 | D:5      | Reached skill level 4 in Evocations
  1462 | D:2      | Found a radiant altar of Vehumet.
  2320 | D:2      | Noticed Sigmund
  2746 | D:3      | Reached skill level 1 in Invocations
  2746 | D:3      | Reached XP level 5. HP: 27/37 MP: 8/8
  2747 | D:3      | Noticed Ijyb
  2790 | D:3      | Killed Ijyb
  4289 | D:4      | Reached XP level 6. HP: 45/45 MP: 8/10
  4337 | D:4      | Reached skill level 5 in Evocations
  4466 | D:5      | Noticed Natasha
  4472 | D:5      | Killed Natasha
  4501 | D:5      | Noticed an ice beast
  4507 | D:5      | Killed an ice beast
  4507 | D:5      | Acquired Okawaru's first power
  4507 | D:5      | Reached skill level 1 in Slings
  4522 | D:5      | Noticed Natasha
  4528 | D:5      | Killed Natasha
  4533 | D:5      | Reached XP level 7. HP: 38/50 MP: 13/13
  4621 | D:5      | Noticed Natasha
  4641 | D:5      | Found a glowing golden altar of the Shining One.
  4686 | D:5      | Killed Natasha
  4986 | D:5      | Noticed Dowan
  4987 | D:5      | Noticed Duvessa
  4997 | D:5      | Killed Duvessa
  5077 | D:5      | Noticed Dowan
  5077 | D:5      | Dowan changed into Dowan the ooze
  5086 | D:5      | Killed Dowan the ooze
  5320 | D:5      | Found a stormy altar of Qazlal.
  5758 | D:5      | Noticed Crazy Yiuf
  5759 | D:5      | Noticed Crazy Yiuf
  5759 | D:5      | Crazy Yiuf changed into Crazy Yiuf the iguana
  5764 | D:5      | Killed Crazy Yiuf the iguana
  5907 | D:6      | Found a staircase to the Ecumenical Temple.
  5908 | D:6      | Noticed Menkaure
  5912 | D:6      | Killed Menkaure
  5912 | D:6      | Reached skill level 5 in Stealth
  5935 | D:6      | Reached XP level 8. HP: 54/58 MP: 15/15
  5949 | D:6      | Found a sacrificial altar of Ru.
  5975 | D:6      | Found a glowing golden altar of the Shining One.
  6447 | D:7      | Reached skill level 6 in Evocations
  6462 | D:7      | HP: 2/59 [orc wizard/puff of flame (10)]
  6835 | D:7      | Found a bloodstained altar of Trog.
  7214 | D:7      | Reached XP level 9. HP: 64/64 MP: 18/18
  7246 | D:7      | Reached skill level 5 in Slings
  7269 | D:7      | Reached skill level 5 in Dodging
  7698 | D:7      | Reached skill level 7 in Stealth
  7769 | D:8      | Reached skill level 5 in Invocations
  8077 | D:8      | Found a staircase to the Lair.
  8233 | D:8      | Reached skill level 5 in Fighting
  8253 | D:8      | Learned a level 3 spell: Regeneration
  8608 | D:8      | Found a shattered altar of Ashenzari.
  9074 | D:8      | Reached skill level 8 in Stealth
  9281 | Lair:1   | Entered Level 1 of the Lair of Beasts
  9295 | Lair:1   | Reached XP level 10. HP: 50/72 MP: 20/20
  9417 | Lair:1   | Noticed an elephant
  9419 | Lair:1   | Noticed an elephant
  9431 | Lair:1   | Noticed an elephant
  9444 | Lair:1   | Killed an elephant
  9455 | Lair:1   | Killed an elephant
  9480 | Lair:1   | Killed an elephant
  9710 | Lair:1   | Noticed a spiny frog
  9717 | Lair:1   | Killed a spiny frog
  9717 | Lair:1   | Reached skill level 1 in Charms
  9717 | Lair:1   | Reached skill level 1 in Necromancy
  9738 | Lair:1   | Slain by a blink frog

Action                   |  1- 3 |  4- 6 |  7- 9 | 10-12 || total
-------------------------+-------+-------+-------+-------++-------
Melee: Short sword       |    64 |    19 |       |       ||    83
       Falchion          |       |    36 |       |       ||    36
       Whip              |       |    66 |       |       ||    66
       Hand axe          |       |    10 |   281 |    48 ||   339
 Fire: Hunting sling     |       |    36 |     6 |       ||    42
Invok: Heroism           |       |       |     4 |     2 ||     6
Evoke: Wand              |     2 |    17 |    36 |    12 ||    67
  Use: Potion            |     4 |     7 |     5 |       ||    16
       Scroll            |       |     2 |     1 |    12 ||    15
 Stab: Sleeping          |     4 |     8 |    12 |       ||    24
       Paralysed         |     2 |       |       |       ||     2
       Distracted        |       |     1 |     2 |       ||     3
  Eat: Chunk             |       |     7 |     4 |     2 ||    13
       Pizza             |       |     1 |     1 |       ||     2
       Beef jerky        |       |     1 |       |       ||     1
       Meat ration       |       |       |     2 |       ||     2
